 Dungeon Crawl Stone Soup version 0.23.2-1-ga50397a6bc (webtiles) character file.

Game seed: 13977843052688200938

243 KoningWillie the Shield-Bearer (level 5, -6/52 HPs)
             Began as a Troll Fighter on May 23, 2019.
             Mangled by a centaur (9 damage)
             ... on level 2 of the Dungeon.
             The game lasted 00:02:31 (1167 turns).

KoningWillie the Shield-Bearer (Troll Fighter)      Turns: 1167, Time: 00:02:32

Health: -6/52      AC:  6    Str: 25    XL:     5   Next: 82%
Magic:  4/4        EV:  9    Int:  4    God:
Gold:   125        SH:  9    Dex:  9    Spells: 4/4 levels left

rFire    x . .     SeeInvis .   a - +0 flail
rCold    + . .     Gourm    +   c - +0 shield
rNeg     . . .     Faith    .   l - +0 robe
rPois    .         Spirit   .   (helmet restricted)
rElec    .         Reflect  .   (no cloak)
rCorr    .         Harm     .   (gloves unavailable)
MR       .....                  (boots unavailable)
Stlth    +.........             (no amulet)
HPRegen  0.57/turn              h - ring of ice
MPRegen  0.09/turn              (no ring)

@: lethally poisoned (-6 -> -6)
A: large, unfitting armour, claws 3, fast metabolism 3, gourmand, regeneration
1, shaggy fur 1, tough skin 3
a: no special abilities


You were on level 2 of the Dungeon.
You were not hungry.

You visited 1 branch of the dungeon, and saw 3 of its levels.

You collected 125 gold pieces.

Inventory:

Hand Weapons
 a - a +0 flail (weapon)
 k - a +0 scythe
Armour
 b - a +0 robe
 c - a +0 shield (worn)
 l - a +0 robe (worn)
Jewellery
 h - a ring of ice (left claw)
Scrolls
 e - 2 scrolls of remove curse {unknown}
 i - 2 scrolls of identify {unknown}
 j - a scroll of amnesia {unknown}
Potions
 d - a potion of might
 g - a potion of resistance {unknown}
Comestibles
 f - 2 rations


   Skills:
 + Level 2.9 Fighting
 + Level 3.3 Maces & Flails
 + Level 3.3 Dodging
 + Level 0.1 Stealth
 + Level 3.7 Shields


You had 4 spell levels left.
You didn't know any spells.
Your spell library was empty.

Dungeon Overview and Level Annotations

Branches:
Dungeon (3/15)

Altars:

Annotations:
D:3 Purgy


Innate Abilities, Weirdness & Mutations

You are too large for most types of armour.
You have claws for hands.
Your metabolism is lightning-fast.
You like to eat raw meat.
Your natural rate of healing is unusually fast.
You are covered in fur. (AC +1)
You have extremely tough skin. (AC +3)


Message History

The centaur shoots an arrow.
The arrow hits you.
* * * LOW HITPOINT WARNING * * *
You see here 2 arrows.
You see here an arrow.
Your shield prevents you from hitting the adder.
You feel sick. The adder bites you.
* * * LOW HITPOINT WARNING * * *
You block the adder's attack.
You barely miss the adder. You block the adder's attack.
The adder closely misses you.
You thump the adder!
You kill the adder!
The centaur shoots an arrow.
The arrow hits you.
* * * LOW HITPOINT WARNING * * *
The centaur shoots an arrow.
You block the arrow.
You feel sick.
The centaur unwields a +0 shortbow.
The centaur hits you.
* * * LOW HITPOINT WARNING * * *
You see here 2 arrows.
You hit the centaur but do no damage. The centaur hits you!
You die...

......####
#.......#
#.......######
#............# #
#........รท...###
#.######
###.###...(.....
#......# #.#
#......###
.##.....#####.#
#......#
........c@(...#
#......#
###.....#######
#......#
........#
#......#
........#
##.#####
##......# #.#
#......# #.#
#.###### #.# #.
#.# #.#


You could see a centaur.

Vanquished Creatures
  Sigmund (D:2)
  Jessica (D:3)
  A worker ant (D:2)
  An adder (D:2)
  2 dart slugs (D:1)
  A leopard gecko (D:2)
  2 giant cockroaches
  3 goblins
  2 jackals
  A quokka (D:2)
  8 kobolds
  2 rats
25 creatures vanquished.

Notes
Turn   | Place    | Note
-------+----------+-------------------------------------------
     0 | D:1      | KoningWillie the Troll Fighter began the quest for the Orb.
     0 | D:1      | Reached XP level 1. HP: 22/22 MP: 0/0
   195 | D:1      | Reached XP level 2. HP: 29/29 MP: 1/1
   705 | D:2      | Reached XP level 3. HP: 13/36 MP: 2/2
   822 | D:2      | Noticed Jessica
   838 | D:3      | Killed Jessica
   838 | D:3      | Reached XP level 4. HP: 41/44 MP: 3/3
   893 | D:3      | Noticed Purgy
  1041 | D:2      | Noticed Sigmund
  1063 | D:2      | Killed Sigmund
  1063 | D:2      | Reached XP level 5. HP: 16/52 MP: 4/4
  1153 | D:2      | Noticed a centaur
  1167 | D:2      | Mangled by a centaur

Skill      XL: |  1  2  3  4 |
---------------+-------------+-----
Shields        | 3 |  3.7
Maces & Flails | 2 3 |  3.3
Dodging        | 3 |  3.3
Fighting       | |  2.9
Stealth        | |  0.1

Action                   |  1- 3 |  4- 6 || total
-------------------------+-------+-------++-------
Melee: Flail             |    76 |    27 ||   103
  Eat: Chunk             |     3 |     2 ||     5
       Ration            |     2 |       ||     2
Armor: Robe              |    34 |     8 ||    42
Dodge: Dodged            |    38 |    14 ||    52
Block: Shield            |    37 |    20 ||    57
